 Dungeon Crawl Stone Soup version 0.28.0-53-g5a82cb258f (webtiles) character file.

Game seed: 17821835940250648915

196 Gabide the Skirmisher (level 5, -2/42 HPs)
             Began as a Mummy Monk on June 3, 2022.
             Slain by an ogre
             ... wielding a +0 giant spiked club
              (18 damage)
             ... on level 4 of the Dungeon.
             The game lasted 00:04:23 (3642 turns).

Gabide the Skirmisher (Mummy Monk)                  Turns: 3642, Time: 00:04:24

Health: -2/42      AC: 12    Str: 17    XL:     5   Next: 45%
Magic:  5/5        EV:  8    Int: 10    God:
Gold:   118        SH:  0    Dex: 16    Spells: 4/4 levels left

rFire   x . .      SeeInvis .   n - +4 dagger (flame)
rCold   + . .      Faith    .   (no shield)
rNeg    + + +      Spirit   .   o - +1 chain mail of the Monk {Rampage Will+ Slay+3}
rPois   ∞          Reflect  .   (no helmet)
rElec   .          Harm     .   e - +2 cloak of Wariness {rN+ Str+3}
rCorr   .          Rampage  +   (no gloves)
Will    +....                   (no boots)
Stlth   ..........              (no amulet)
HPRegen 0.14/turn               (no ring)
MPRegen 0.09/turn               (no ring)

@: no status effects
A: cold resistance 1, negative energy resistance 3, torment resistance 2, heat
vulnerability 1, no potions
a: no special abilities


You were on level 4 of the Dungeon.
You visited 1 branch of the dungeon, and saw 4 of its levels.

You collected 118 gold pieces.

Inventory:

Hand Weapons
 d - a +2 dagger of freezing
 n - a +4 dagger of flaming (weapon)
Armour
 a - a +0 robe
 e - the +2 cloak of Wariness (worn) {rN+ Str+3}
   (You acquired it on level 3 of the Dungeon)

   Str:       It affects your strength (+3).
   rN:        It protects you from negative energy.
 o - the +1 chain mail of the Monk (worn) {Rampage Will+ Slay+3}
   (You found it on level 2 of the Dungeon)

   Slay:      It affects your accuracy & damage with ranged weapons and melee
   (+3).
   Rampage:   It bestows one free step when moving towards enemies.
   Will:      It increases your willpower.
Jewellery
 h - an amulet of faith
Scrolls
 b - 2 scrolls of teleportation
 g - a scroll of immolation {unknown}
 i - a scroll of fog
 k - a scroll of noise {unknown}
 l - a scroll of vulnerability {unknown}
 m - a scroll of torment {unknown}


   Skills:
 - Level 4.2 Fighting
 + Level 1.1 Armour
 - Level 3.4 Dodging
 - Level 1.5 Stealth
 - Level 3.4 Unarmed Combat


You had 4 spell levels left.
You didn't know any spells.
Your spell library was empty.

Dungeon Overview and Level Annotations

Branches:
Dungeon (4/15)
 Temple: D:4-7

Altars:
Ru
Yredelemnul


Innate Abilities, Weirdness & Mutations

You are immune to poison.
Your flesh is cold resistant. (rC+)
You are immune to negative energy. (rN+++)
You are immune to unholy pain and torment.
You are vulnerable to heat. (rF-)
You do not drink.


Message History

You barely miss the hound.
The hound is almost dead.
The hound barely misses you.
You hit the hound. You burn the hound.
You kill the hound!
Your Armour skill increases to level 1!
An ogre comes into view. It is wielding a +0 giant spiked club.
You can't drink.
Okay, then.
You throw a poisoned dart. The poisoned dart hits the ogre.
The ogre shouts!
You throw a poisoned dart. The poisoned dart hits the ogre.
The ogre is poisoned.
You throw a poisoned dart. The poisoned dart hits the ogre.
The ogre is lightly wounded.
You throw a throwing net. The throwing net hits the ogre.
The ogre is caught in the net!
The ogre is lightly wounded.
The ogre struggles against the net.
Found a scroll of fog.
The ogre struggles against the net.
There is an open door here.
You see here a hound corpse.
The ogre struggles against the net.
The ogre looks more healthy.
The ogre struggles against the net.
You hit the ogre but do no damage.
The ogre is moderately wounded.
The ogre struggles against the net.
The net rips apart, and the ogre comes free!
You hit the ogre. You burn the ogre.
The ogre is moderately wounded.
The ogre hits you with a +0 giant spiked club!
You barely miss the ogre.
The ogre is moderately wounded.
The ogre hits you with a +0 giant spiked club!
You hit the ogre. You burn the ogre.
The ogre is heavily wounded.
You hit the ogre. You burn the ogre.
The ogre is severely wounded.
The ogre hits you with a +0 giant spiked club!!
You die...

##############
#............#
#............#
#............#
#............#
#.........)..#
##............###
.'............†.#######.
##............#.@O((....
##############.(...(...
## ##........ ...
...$..... ### #..?.....
##+#####.


You could see an ogre.

Vanquished Creatures
  A water moccasin zombie (D:3)
  A hound (D:4)
  7 gnolls (D:2)
  An adder zombie (D:3)
  4 ball pythons
  6 endoplasms
  3 giant cockroaches
  4 goblins
  2 hobgoblins (D:3)
  5 quokkas
  A bat (D:2)
  2 frilled lizards (D:1)
  3 kobolds
  5 rats
45 creatures vanquished.

Notes
Turn   | Place    | Note
-------+----------+-------------------------------------------
     0 | D:1      | Gabide the Mummy Monk began the quest for the Orb.
     0 | D:1      | Reached XP level 1. HP: 18/18 MP: 1/1
   359 | D:1      | Reached XP level 2. HP: 24/24 MP: 2/2
   972 | D:2      | Reached XP level 3. HP: 19/29 MP: 3/3
  1288 | D:2      | Identified the +1 scale mail of Trumpets {Contam rPois rN+}
  1342 | D:2      | Found a faded altar of an unknown god.
  1931 | D:2      | Identified the +1 chain mail of the Monk {Rampage Will+
                  | Slay+3}
  1947 | D:2      | Reached XP level 4. HP: 37/37 MP: 4/4
  2909 | D:3      | Identified a scroll of acquirement
  2990 | D:3      | Reached skill level 4 in Fighting
  2990 | D:3      | Reached XP level 5. HP: 41/42 MP: 5/5
  2990 | D:3      | Acquired the +2 cloak of Wariness {rN+ Str+3}
  3010 | D:3      | Found a basalt altar of Yredelemnul.
  3065 | D:3      | Found a sacrificial altar of Ru.
  3612 | D:4      | Reached skill level 1 in Armour
  3630 | D:4      | Noticed an ogre
  3642 | D:4      | Slain by an ogre

Illustrated notes

Levels and vault maps discovered:
D:1:      ncdulo_halloftheorcs, layout_basic, minmay_statues_item,
          amcnicky_mini_pool_small
D:2:      layout_loops_ring, shapermc_ecumenical_altar_starsandcircs
D:3:      layout_basic, nicolae_ru_sacrificial_ziggurat,
          lemuel_zombie_altar_yredelemnul, kennysheep_doodads
D:4:      layout_basic

Skill      XL: |  1  2  3  4  5 |
---------------+----------------+-----
Dodging        | 3 |  3.4
Unarmed Combat | 3 |  3.4
Fighting       | 4 |  4.2
Armour         | 1 |  1.1
Stealth        | |  1.5

Action                   |  1- 3 |  4- 6 || total
-------------------------+-------+-------++-------
Melee: Dagger            |    63 |    35 ||    98
       Punch             |     2 |     1 ||     3
Throw: Stone             |    91 |    32 ||   123
       Dart              |       |     4 ||     4
       Throwing net      |       |     1 ||     1
  Use: Scroll            |     1 |     3 ||     4
Armor: Robe              |     7 |       ||     7
       Chain mail        |       |    10 ||    10
Dodge: Dodged            |    34 |     5 ||    39
